 Dungeon Crawl Stone Soup version 0.24.0-2-g5b39cebb1c (webtiles) character file.

Game seed: 8907007604279952738, levelgen mode: deterministic

224 theanonym the Chopper (level 5, -7/46 HPs)
             Began as a Deep Dwarf Monk on Oct 30, 2019.
             Mangled by Crazy Yiuf
             ... wielding a +3 quarterstaff of chaos
              (13 damage)
             ... on level 3 of the Dungeon.
             The game lasted 00:02:44 (1961 turns).

theanonym the Chopper (Deep Dwarf Monk)             Turns: 1961, Time: 00:02:45

Health: -7/46      AC: 10    Str: 15    XL:     5   Next: 67%
Magic:  3/3        EV:  7    Int: 11    God:
Gold:   155        SH:  0    Dex: 18    Spells: 4/4 levels left

rFire    . . .     SeeInvis .   a - +0 hand axe
rCold    . . .     Gourm    .   (no shield)
rNeg     . . .     Faith    .   A - +0 chain mail
rPois    .         Spirit   .   (no helmet)
rElec    .         Reflect  .   m - +0 cloak (curse)
rCorr    .         Harm     .   (no gloves)
MR       .....                  l - +0 pair of boots
Stlth    ..........             (no amulet)
HPRegen  0.00/turn              n - ring of wizardry
MPRegen  0.08/turn              k - +3 ring of dexterity

@: lethally poisoned (-7 -> -7), non-regenerating
A: damage resistance, heal wounds, sense surroundings 1, no regeneration
a: Heal Wounds


Innate Abilities, Weirdness & Mutations

You are resistant to damage.
You can heal yourself by infusing magical energy.
You passively map a small area around you.
You do not regenerate.


   Skills:
 - Level 2.6 Fighting
 + Level 7.1 Axes
 - Level 3.2 Dodging
 - Level 2.4 Stealth


You had 4 spell levels left.
You didn't know any spells.
Your spell library was empty.

Skill      XL: |  1  2  3  4  5 |
---------------+----------------+-----
Axes           | 4 5 6 7 |  7.1
Fighting       | |  2.6
Dodging        | |  3.2
Stealth        | |  2.4

Action                   |  1- 3 |  4- 6 || total
-------------------------+-------+-------++-------
Melee: Hand axe          |   104 |   174 ||   278
 Abil: Heal Wounds       |     2 |     5 ||     7
  Use: Scroll            |       |     4 ||     4
       Potion            |       |     1 ||     1
 Stab: Sleeping          |     5 |     1 ||     6
       Invisible         |       |     4 ||     4
  Eat: Chunk             |       |     4 ||     4
Armor: Robe              |     1 |       ||     1
       Ring mail         |    36 |    41 ||    77
       Chain mail        |       |    38 ||    38
Dodge: Dodged            |    78 |    80 ||   158

Inventory:

Hand Weapons
 a - a +0 hand axe (weapon)
Armour
 b - a +0 robe
 j - a +0 ring mail
 l - a +0 pair of boots (worn)
 m - a cursed +0 cloak (worn)
 A - a +0 chain mail (worn)
Jewellery
 k - a +3 ring of dexterity (right hand)
 n - a ring of wizardry (left hand)
 o - an uncursed ring of ice
Wands
 y - a wand of random effects (18)
Scrolls
 c - 2 scrolls of fear {unknown}
 d - 2 scrolls of remove curse {unknown}
 h - a scroll of magic mapping {unknown}
 i - a scroll of enchant armour {unknown}
 p - 2 scrolls of fog {unknown}
 r - a scroll of identify
 z - 2 scrolls of enchant weapon {unknown}
 B - a scroll of amnesia {unknown}
Potions
 g - a potion of mutation
 q - 2 potions of heal wounds
 s - a potion of invisibility
 t - 2 potions of flight
 u - a potion of agility {unknown}
 v - a potion of cancellation {unknown}
 w - 2 potions of curing
 x - 2 potions of might {unknown}
 C - a potion of haste {unknown}
Comestibles
 e - 12 rations
 f - a chunk of flesh


You were on level 3 of the Dungeon.
You were not hungry.

You visited 1 branch of the dungeon, and saw 3 of its levels.

You collected 155 gold pieces.

Dungeon Overview and Level Annotations

Branches:
Dungeon (3/15)

Altars:
Ashenzari
Cheibriados
Okawaru
Ru

Annotations:
D:3 exclusion: 2 goblins, Crazy Yiuf

#....#
#....#
#....####
#####
#........
#)..#
#....####
#...#
####....#
...
#.....###
#g#
#.###.####
#@##
#.###....###
##.#
#.#.........
#.##
#.........#.
##.#
#...........
##.##
###.........
##PP.#
#####.....
#.P..#
#)##..
#....#
###.....
#....###
#.......


You could see Crazy Yiuf.

Notes
Turn   | Place    | Note
-------+----------+-------------------------------------------
     0 | D:1      | theanonym the Deep Dwarf Monk began the quest for the Orb.
     0 | D:1      | Reached XP level 1. HP: 20/20 MP: 1/1
   194 | D:1      | Reached XP level 2. HP: 27/27 MP: 2/2
   242 | D:1      | Reached skill level 4 in Axes
   878 | D:2      | Reached XP level 3. HP: 23/33 MP: 3/3
   940 | D:2      | Found a sacrificial altar of Ru.
  1005 | D:2      | HP: 16/33 [gnoll/+0 halberd (3)]
  1007 | D:2      | HP: 5/33 [gnoll/+0 halberd (9)]
  1012 | D:2      | Reached skill level 5 in Axes
  1015 | D:2      | HP: 13/33 [gnoll/+0 halberd (3)]
  1021 | D:2      | HP: 1/33 [gnoll/+0 halberd (12)]
  1028 | D:2      | Reached XP level 4. HP: 26/40 MP: 4/4
  1050 | D:2      | Found a snail-covered altar of Cheibriados.
  1437 | D:3      | Noticed Jessica
  1439 | D:3      | Reached skill level 6 in Axes
  1445 | D:3      | Killed Jessica
  1452 | D:3      | Noticed Ijyb
  1453 | D:3      | Reached XP level 5. HP: 26/46 MP: 5/5
  1466 | D:3      | HP: 2/46 [disintegration (22)]
  1472 | D:3      | HP: 3/46 [disintegration (28)]
  1485 | D:3      | HP: 3/46 [disintegration (25)]
  1497 | D:3      | Killed Ijyb
  1559 | D:3      | Found a runed translucent door.
  1560 | D:3      | Noticed Crazy Yiuf
  1609 | D:3      | Noticed Terence
  1640 | D:3      | Killed Terence
  1719 | D:3      | Reached skill level 7 in Axes
  1752 | D:3      | Found an iron altar of Okawaru.
  1796 | D:3      | Found a shattered altar of Ashenzari.
  1834 | D:3      | HP: 23/46 [adder (1)]
  1955 | D:3      | HP: 22/46 [Crazy Yiuf/+3 quarterstaff of chaos (4)]
  1960 | D:3      | HP: 15/46 [Crazy Yiuf/+3 quarterstaff of chaos (1)]
  1961 | D:3      | HP: 6/46 [Crazy Yiuf/+3 quarterstaff of chaos (9)]
  1961 | D:3      | Mangled by Crazy Yiuf

Vanquished Creatures
  Terence (D:3)
  Jessica (D:3)
  Ijyb (D:3)
  4 gnolls (D:2)
  4 adders
  A worm (D:2)
  4 dart slugs
  3 leopard geckos (D:3)
  2 orcs (D:3)
  3 giant cockroaches
  6 goblins
  6 hobgoblins
  3 jackals (D:3)
  2 quokkas (D:3)
  6 bats
  4 frilled lizards
  9 kobolds
  5 rats
65 creatures vanquished.

Table legend:
 A = Turns spent in this place as a percentage of turns spent in the entire game.
 B = Non-inter-level travel turns spent in this place as a percentage of non-inter-level travel turns spent in the entire game.
 C = Inter-level travel turns spent in this place as a percentage of turns spent in this place.
 D = Turns resting spent in this place as a percentage of non-inter-level travel turns spent in this place.
 E = Turns spent auto-exploring this place as a percentage of non-inter-level travel turns spent in this place.
 F = Non-inter-level travel turns spent in this place divided by the number of levels of this place that you've seen.
                   A       B       C       D       E      F
               +-------+-------+-------+-------+-------+----------------------
         Total | 100.0 | 100.0 |   4.7 |   0.0 |  72.8 | 622.7
       Dungeon | 100.0 | 100.0 |   4.7 |   0.0 |  72.8 | 622.7
               +-------+-------+-------+-------+-------+----------------------
